Cogmind - Beta 15 @@@ ROGUE MODE // 2025.05.28 @ 19:44:13 Player: KeKe Result: Destroyed by S-10 Pest with Light Assault Rifle Performance ------------- Evolutions (0) 0 Regions Visited (1) 200 Robots Destroyed (18) 90 Value Destroyed (306) 306 Prototype IDs (0) 0 Alien Tech Used (0) 0 Bonus (0) 0 TOTAL SCORE: 596 Bonus ------- None Cogmind --------- Core Integrity 0/250 Matter 227/300 Energy 99/100 System Corruption 0% Temperature Cool (0) Movement Rolling (90) Location -10/Materials Parts ------- > --- POWER (1) -------- (None) > --- PROPULSION (2) --- Wheel Compact Wheel > --- UTILITY (2) ------ Large Storage Unit Propulsion Shielding > --- WEAPON (2) ------- Light Assault Rifle > --- INVENTORY (15) --- Wheel Large Storage Unit Improved Terrain Scanner Peak State ------------ > --- POWER ------------ Light Ion Engine > --- PROPULSION ------- Wheel Compact Wheel > --- UTILITY ---------- Large Storage Unit Seismic Detector > --- WEAPON ----------- Light Assault Rifle Light Assault Rifle > --- INVENTORY -------- Wheel Wheel Large Storage Unit Improved Terrain Scanner [Rating: 7] Favorites ----------- Power Ion Engine Engine Ion Engine Propulsion Compact Wheel Wheel Compact Wheel Utility Large Storage Unit Device Seismic Detector Storage Large Storage Unit Protection Propulsion Shielding Weapon Light Assault Rifle Energy Gun EM Pulse Gun Ballistic Gun Light Assault Rifle Build | -11 -10 ------- Run | Yrd Mat Slots Evolved . | . . Power . | . . Propulsion . | . . Utility . | . . Weapon . | . . Parts Attached 17 | 6 11 Power 3 | 1 2 Engine 3 | 1 2 Core . | . . Reactor . | . . Propulsion 6 | 2 4 Treads . | . . Leg . | . . Wheel 6 | 2 4 Hover . | . . Flight . | . . Utility 4 | 2 2 Device 1 | 1 . Storage 2 | 1 1 Processor . | . . Hackware . | . . Protection 1 | . 1 Artifact . | . . Weapon 4 | 1 3 Energy Gun 2 | 1 1 Energy Cannon . | . . Ballistic Gun 2 | . 2 Ballistic Cannon . | . . Launcher . | . . Special Weapon . | . . Impact Weapon . | . . Slashing Weapon . | . . Piercing Weapon . | . . Special Melee Weapon . | . . Unidentified Prototypes . | . . Parts Lost 6 | . 6 Power 1 | . 1 Propulsion 2 | . 2 Utility 1 | . 1 Weapon 2 | . 2 Highest Loss Streak 3 | . 3 To Critical Strikes . | . . Average Backups 3 | 1 4 Power . | . . Propulsion 1 | . 1 Utility 1 | . 1 Weapon . | . . Tool/Special . | . . Unused Backups 3 | . 3 Power . | . . Propulsion 1 | . 1 Utility 2 | . 2 Weapon . | . . Tool/Special . | . . Average Slot Usage (%) 84 | . 84 Engine 9 | . 9 Wheel 26 | . 26 Device 9 | . 9 Storage 14 | . 14 Protection 3 | . 3 Energy Gun 7 | . 7 Ballistic Gun 12 | . 12 Peak Build Rating 7 | 6 7 Average Rating 5 | 4 5 On Entrance 3 | . 6 Naked Turns . | . . Heaviest Build 28 | 13 28 Greatest Support 32 | 32 32 Greatest Overweight (x) 2 | . 2 Average Overweight (x) . | . . Largest Inventory Capacity 15 | 8 15 Average Capacity 13 | 7 14 Most Carried 6 | 4 6 Average Carried 3 | 1 4 Final Capacity 15 | 8 15 Final Carried 4 | 4 3 Class Distribution -------------------- 72% | Mutant 27% | Scavenger-Mutant Dominant Class ---------------- Mutant | -10/Materials Resources | -11 -10 ----------- Run | Yrd Mat Matter Collected 333 | 260 73 Remotely . | . . Salvage Created 825 | 203 622 Parts 41 | 14 27 Haulers Intercepted . | . . Recyclers Shooed 1 | . 1 Parts Field Recycled . | . . Retrieved Matter . | . . Parts Self-Destructed . | . . Prevented . | . . Kills | -11 -10 ------- Run | Yrd Mat Combat Hostiles Destroyed 9 | . 9 Guns 9 | . 9 Classes Destroyed 4 | 2 2 Tunneler 5 | 4 1 Recycler 4 | 1 3 Swarmer 3 | . 3 Grunt 6 | . 6 Best Kill Streak 5 | 3 5 Combat Bots Only 5 | . 5 Max Kills in Single Turn 1 | 1 1 Gunslinging . | . . Exploded . | . . Melee . | . . Uniques/NPCs Destroyed . | . . Combat | -11 -10 -------- Run | Yrd Mat Hostile Shots Fired 97 | . 97 Missed 28 | . 28 Hits 69 | . 69 Projectile 69 | . 69 Damage Taken 798 | . 798 Core 252 | . 252 Absorbed by Shields . | . . Redirected to Shielding 13 | . 13 Core Remaining (%) 100 | 100 . Volleys Fired 93 | 17 76 Largest 2 | 1 2 Hottest 40 | 40 40 Shots Fired 122 | 17 105 Gun 122 | 17 105 Cannon . | . . Launcher . | . . Special . | . . Kinetic 61 | . 61 Thermal 15 | . 15 Explosive . | . . Electromagnetic 46 | 17 29 Robot Hit Streak 11 | 9 11 Robot Miss Streak 4 | 2 4 Penetration Max . | . . Secondary Targets . | . . Shots Hit Robots 80 | 14 66 Core Hits 32 | 5 27 Critical Kills . | . . Critical Parts Destroyed . | . . Critical Strikes 1 | . 1 Corrupt 1 | . 1 Melee Attacks . | . . Impact . | . . Slashing . | . . Piercing . | . . Sneak Attacks . | . . Combat Hostiles . | . . Follow-up Attacks . | . . Damage Inflicted 887 | 219 668 Guns 860 | 192 668 Cannons . | . . Explosions 27 | 27 . Melee . | . . Ramming . | . . Kinetic 274 | . 274 Thermal 137 | 27 110 Explosive . | . . Electromagnetic 476 | 192 284 Impact . | . . Slashing . | . . Piercing . | . . Highest Corruption . | . . Average Corruption . | . . Corruption Purged . | . . Corruption Blocked . | . . Overload Shots . | . . Overflow Damage . | . . Projectiles . | . . Explosions . | . . Melee . | . . Knockbacks . | . . Impact . | . . Kinetic . | . . Secondary . | . . Self-Inflicted Damage . | . . Shots . | . . Rammed . | . . Targets Rammed . | . . Kicked . | . . Crushed . | . . Highest Temperature 78 | . 78 Average Temperature 39 | . 39 Received Heat Transfer 288 | . 288 Siege Activations . | . . Martial Activations . | . . Shielding Activations . | . . Robots Disrupted 1 | . 1 Combat Hostiles 1 | . 1 Robots Corrupted . | . . Combat Hostiles . | . . Parts Fried 3 | 1 2 Impact Corruptions . | . . Robots Melted . | . . Combat Hostiles . | . . Parts Melted . | . . Heat Transferred 300 | 50 250 Parts Sabotaged . | . . Parts Stolen . | . . Parts Stripped . | . . Power Chain Reactions 1 | 1 . Alert | -11 -10 ------- Run | Yrd Mat Maximum Alert Level . | . . Low Security (%) 100 | 100 100 Level 1 . | . . Level 2 . | . . Level 3 . | . . Level 4 . | . . Level 5 . | . . High Security . | . . Max Security . | . . Peak Influence 109 | 10 109 Initial 3 | . 3 Average 39 | 2 47 Influence Increases 299 | 25 274 Destroy 0b10 Robot/C 180 | . 180 Destroy 0b10 Robot/NC 45 | 25 20 Destroy Leader 30 | . 30 Successful Hack 14 | . 14 Select Force Hacks 30 | . 30 Influence Decreases 260 | 20 240 Entered New Map 2 | . 2 Time Decay 198 | 20 178 Lost Part 60 | . 60 Squads Dispatched 1 | . 1 Investigation 1 | . 1 Extermination . | . . Reinforcement . | . . Assault . | . . Garrison . | . . Intercept . | . . Searches Triggered . | . . Construction Impeded . | . . Haulers Reinforced . | . . Active Scanning Responses . | . . Cargo Convoy Interrupts . | . . Stealth | -11 -10 --------- Run | Yrd Mat Distress Signals 1 | . 1 Communications Jammed . | . . Distress Signals . | . . Times Spotted 16 | . 16 Peak Tracking Total 5 | . 5 Tactical Retreats . | . . Traps | -11 -10 ------- Run | Yrd Mat Traps Triggered 3 | . 3 Indirectly . | . . Trap Hack Attempts . | . . Triggered . | . . Disarmed . | . . Reprogrammed . | . . Reused . | . . Traps Extracted . | . . Installed . | . . Triggered . | . . Machines | -11 -10 ---------- Run | Yrd Mat Machines Disabled . | . . Max in Single Turn . | . . Machines Repaired . | . . Machines Dismantled . | . . Machines Sabotaged . | . . Overloaded Fab Kills . | . . Hacking | -11 -10 --------- Run | Yrd Mat Machines Accessed 3 | . 3 Terminals 2 | . 2 Fabricators . | . . Repair Stations . | . . Recycling Units 1 | . 1 Scanalyzers . | . . Garrison Access . | . . Total Hacks 3 | . 3 Successful 3 | . 3 Failed . | . . Catastrophic . | . . Database Lockouts . | . . Manual 3 | . 3 Terminals 2 | . 2 Fabricators . | . . Repair Stations . | . . Recycling Units 1 | . 1 Scanalyzers . | . . Garrison Access . | . . Terminal Hacks . | . . Fabricator Hacks . | . . Repair Station Hacks . | . . Recycling Unit Hacks . | . . Scanalyzer . | . . Garrison Access Hacks . | . . Unauthorized Hacks 3 | . 3 Terminals 2 | . 2 Botnet 2 | . 2 Fabricators . | . . Repair Stations . | . . Recycling Units 1 | . 1 Tunnel 1 | . 1 Scanalyzers . | . . Garrison Access . | . . Data Cores Recovered . | . . Used . | . . Hacking Detections 2 | . 2 Full Trace Events . | . . Feedback Events . | . . Feedback Blocked . | . . Robot Schematics Acquired . | . . Robots Built . | . . Authchips . | . . Time . | . . Total Robot Build Rating . | . . Part Schematics Acquired . | . . Parts Built . | . . Authchips . | . . Time . | . . Total Part Build Rating . | . . Parts Repaired . | . . Time . | . . Parts Recycled . | . . Recycled Matter . | . . Retrieved Matter . | . . Retrieved Components . | . . Parts Scanalyzed . | . . Part Schematics Acquired . | . . Parts Damaged . | . . Bothacking | -11 -10 ------------ Run | Yrd Mat Used RIF Installer . | . . Robots Hacked . | . . Non-combat . | . . Combat . | . . Robot Hacks Applied . | . . Relay Couplers Released . | . . Fabnet Peak Effective % . | . . Robots Rewired . | . . Allies Hacked . | . . Hacks Repelled . | . . Allies | -11 -10 -------- Run | Yrd Mat Total Allies . | . . Largest Group . | . . Highest-Rated Group . | . . Highest-Rated Ally . | . . Total Orders . | . . Ally Attacks . | . . Total Damage . | . . Kills . | . . Allies Corrupted . | . . Allies Melted . | . . Intel | -11 -10 ------- Run | Yrd Mat Active Infowar (turns) 271 | 6 265 Seismic 271 | 6 265 Robot Analysis Total . | . . Derelict Logs Recovered . | . . Drone Launches . | . . Drone Recoveries . | . . Exploration | -11 -10 ------------- Run | Yrd Mat Turns Passed 482 | 93 389 Spaces Moved 249 | 48 201 Core 2 | 2 . Treads . | . . Legs . | . . Wheels 247 | 46 201 Hover . | . . Flight . | . . Fastest Speed 50 | 50 90 Average Speed 93 | 97 92 Slowest Speed 110 | 100 110 Overloaded Moves . | . . Propulsion Burnouts . | . . Robots Hopped . | . . Potential Cave-ins . | . . Cave-ins Triggered . | . . Exploration Rate (%) 23 | 3 43 Regions Visited 1 Branch Regions . Pre-discovered Areas 1 | . 1 Known Exits Taken . | . . Unknown Exits Taken 1 | 1 . Scrap Searched . | . . Spaces Dug . | . . Terrain Destroyed 7 | 7 . Melee . | . . Projectile . | . . AOE 7 | 7 . Terrain Rammed . | . . Walls Destroyed . | . . Machines Disabled . | . . Actions | -11 -10 --------- Run | Yrd Mat Total 386 | 74 312 Wait 13 | . 13 Move 248 | 47 201 Hop . | . . Pick Up 9 | 4 5 Fast Attach 10 | 6 4 Attach 2 | . 2 Detach . | . . Swap 5 | . 5 Drop 6 | . 6 Fire 93 | 17 76 Melee . | . . Ram . | . . Kick . | . . Crush . | . . Escape Stasis . | . . Rewire . | . . Trap . | . . Miscellaneous . | . . Route ------- -11/Scrapyard -10/Materials (discovered 2 exits: [*Mat] / [*Min]) History --------- Turn | Location | Event 25 | -11/Scrapyard | Discovered new exit (range 15) 94 | -11/Scrapyard | Entered Materials 258 | -10/Materials | Discovered new exit (range 10) 326 | -10/Materials | Core integrity fell below 50% 389 | -10/Materials | Discovered new exit (range 11) 390 | -10/Materials | Lost 3 parts (1p1n1u) 403 | -10/Materials | Core integrity fell below 20% 483 | -10/Materials | Destroyed by S-10 Pest with Light Assault Rifle Last Messages --------------- 00309_ ALERT: Suspicious activity at Recycling Unit M001. Dispatching Investigation squad. 00326_ S-10 Pest destroyed. 00348_ Wheel destroyed. 00349_ G-34 Mercenary destroyed. 00355_ Lgt. Ion Engine destroyed. 00359_ Seismic Detector destroyed. 00362_ G-34 Mercenary destroyed. 00368_ Acquired 18 matter. 00373_ Acquired Propulsion Shielding. 00389_ EXIT=FOUND 00402_ Triggered Explosive Trap. 00402_ An explosion rips through the floor. 00409_ Triggered Explosive Trap. 00409_ An explosion rips through the floor. 00420_ K-01 Serf collects debris. 00428_ K-01 Serf cleans the Electrolysis Chamber. 00432_ K-01 Serf collects debris. 00472_ W-16 Scout sends out distress signal. 00477_ Lgt. Assault Rifle destroyed. Map ----- +----------------------------------------------------+ | ?????????????????????????????????????????????????? | | ?????????????????????????????????????????????????? | | ??????#####??????????????????????????????????????? | | ?????##"""##???????????????########??????????????? | | ????##"|||"##?????????????##! #??????????????? | | ????#"" ""#?????????????#! #??????????????? | | ????# #????######???#! #??????????????? | | ????# < #???? #???# #??????????????? | | ????# #????" #???#! #??????????????? | | ????# #???"" #???##! #??????????????? | | ?????# #?# """ #????#### #??????????????? | | ??????# #??# #???????# #??????????????? | | ??????# #??# """ " #???????#!= #??????????????? | | ??????# #??# """ T #???????#%! #??????????????? | | ??????# #??? """ " #???????#=! #??????????????? | | ?????## ##???? ?????????#= #??????????????? | | ?????# #######+############ #??????????????? | | ?????# T" ! = #??????????????? | | ?????# " ! = #??????????????? | | ?????# *=% #??????????????? | | ?????# ###############%%%#??????????????? | | ?????### #????# +! %##############?? | | ??????## #????# "T" #*=%! | | ??????# +????# ss # == | | ??????## #????# sw # %! | | ??????## T####????# @ ######## | | ######## ##???????# """ #???????? ? | | # #????????# """ #????????? ########? | | [ ""# ########### """ #??????????#???????? | | * /! Y"# + #??????????????????? | | /! ""# ###############??????????????????? | | [! + #????????????????????????????????? | | # ### ##????????????????????????????????? | | = # #?# #?????????????????????????????????? | | !% !# #?# #?????????????????????????????????? | | % # #?# #?????????????????????????????????? | | ###+#### ###+####??????????????????????????????? | | #[#??# # #??????????????????????????????? | | # #### # T #??????????????????????????????? | | #= # #??????????????????????????????? | | + # #??????????????????????????????? | | # """ + #??????????????????????????????? | | # """ # #??????????????????????????????? | | " # """ ########??????????????????????????????? | | " # #????????????????????????????????? | | " # #????????????????????????????????? | | " # """ #????????????????????????????????? | | " # =%""" #### #????????????????????????????????? | | # %!""" ####+###??????????????????????????????? | | +## [ # ??????????????????????????????? | +----------------------------------------------------+ Best States ------------- Heat Dissipation 25 Energy Generation 10 Energy Capacity 250 Matter Stores 300 Matter Capacity 300 Sight Range 16 Terrain Scan Density 10 Propulsion Shielding 33 Evasion (%) 42 Item Schematics ----------------- None Robot Schematics ------------------ None Fabricated ------------ Nothing Repaired ---------- Nothing Alien Tech Used ----------------- None Achievements -------------- None Challenges ------------ None Game ------ Seed TrapSupercompositeNetwork Manual? 0 Play Time 00:06:19 Cumulative 99.2 hours Start 2025.05.28 @ 19:38:42 End 2025.05.28 @ 19:44:13 Sessions 1 Manual Loads 0 Difficulty Rogue Special Mode None Game No. 94 Rogue 94 Adventurer 0 Explorer 0 Win Type - Total 1 Types 1/0/0/0/0/0/0/0/0/0 Lore% 52 Gallery% 44 Achievement% 44 Wizard Run 0 Options --------- Layout 0 ASCII 0 Keyboard 0 Movement Mouse Keybinds 0 Fullscreen 2 Font 18/X11 Map View 76x50 Zoom Use 0% Tactical HUD 1 Map Filters NONE Filters NONE Steam 1 RUN: 529f43e1-d86b-47dc-a9f0-e7221a686f3a